 Dungeon Crawl Stone Soup version 0.24-a0-365-ga4d96b6e6e (console) character file.

Game seed: 1738258475765233946

6388 Lexodia the Covert (level 10, -16/63 HPs)
             Began as a Vampire Enchanter on May 27, 2019.
             Was an Elder of Wu Jian.
             Demolished by Grum
             ... wielding a +0 glaive
              (20 damage)
             ... on level 8 of the Dungeon.
             The game lasted 00:31:20 (8355 turns).

Lexodia the Covert (Vampire Enchanter)              Turns: 8355, Time: 00:31:20

Health: -16/63     AC:  3    Str:  7    XL:     10   Next: 66%
Magic:  8/14       EV: 13    Int: 19    God:    Wu Jian [****..]
Gold:   449        SH:  8    Dex: 17    Spells: 3/15 levels left

rFire    + . .     SeeInvis +   v - +3 dagger
rCold    + + +     Gourm    .   (no shield)
rNeg     + + +     Faith    .   b - +0 robe
rPois    ∞         Spirit   .   (helmet restricted)
rElec    +         Reflect  +   w - +0 cloak
rCorr    +         Harm     .   (no gloves)
MR       +++..                  (no boots)
Stlth    ++++++++..             f - brooch of Shielding {Reflect SH+8}
HPRegen  0.00/turn              (no ring)
MPRegen  0.14/turn              (no ring)

@: resistant, bloodless, non-regenerating
A: fangs 3, horns 1, see invisible, berserk 1, magic resistance 2, unbreathing
a: Bat Form, Wall Jump, Serpent's Lash, Renounce Religion


You were on level 8 of the Dungeon.
You worshipped Wu Jian.
Wu Jian was greatly pleased with you.
You were bloodless.

You visited 2 branches of the dungeon, and saw 9 of its levels.

You collected 449 gold pieces.

Inventory:

Hand Weapons
 t - a +2 dagger of draining
 v - a +3 dagger (weapon)
Armour
 b - a +0 robe (worn)
 n - a +0 helmet
 w - a +0 cloak (worn)
Jewellery
 f - the brooch of Shielding (around neck) {Reflect SH+8}
   (You found it on level 5 of the Dungeon)

   [amulet of reflection]

   It shields you and reflects attacks.
   It affects your SH (+8).
 q - an uncursed amulet of the gourmand {unknown}
Wands
 j - a wand of enslavement (13)
 l - a wand of flame (24)
Scrolls
 g - a scroll of fog
 h - a scroll of blinking
 k - 4 scrolls of amnesia
 o - 4 scrolls of teleportation
 r - 6 scrolls of identify
 u - 4 scrolls of remove curse {unknown}
 x - 2 scrolls of enchant armour {unknown}
 y - 2 scrolls of noise {unknown}
 A - a scroll of random uselessness {unknown}
 B - a scroll of enchant weapon {unknown}
Potions
 a - a potion of heal wounds {unknown}
 c - a potion of berserk rage
 d - 35 potions of blood
 m - 4 potions of lignification
 p - 4 potions of curing
 s - a potion of brilliance {unknown}
 z - a potion of flight {unknown}


   Skills:
 - Level 10.0 Short Blades
 - Level 2.1 Dodging
 + Level 14.2 Stealth
 - Level 3.0 Spellcasting
 + Level 13.2 Hexes
 - Level 2.1 Ice Magic


You had 3 spell levels left.
You knew the following spells:

 Your Spells              Type           Power        Failure   Level  Hunger
a - Corona                Hex            ######.      1%          1    None
b - Ensorcelled Hibernat  Hex/Ice        ####..       1%          2    ##.....
c - Confuse               Hex            ######..     1%          3    ###....
d - Dazzling Spray        Conj/Hex       ####..       3%          3    ###....
e - Tukima's Dance        Hex            ######..     1%          3    ###....

Your spell library contained the following spells:

 Spells                   Type           Power        Failure   Level  Hunger


Dungeon Overview and Level Annotations

Branches:
Dungeon (8/15)             Temple (1/1) D:4
   Lair: D:8-11

Altars:
Ashenzari
Cheibriados
Dithmenos
Elyvilon
Fedhas
Gozag
Hepliaklqana
Kikubaaqudgha
Makhleb
Nemelex Xobeh
Okawaru
Qazlal
Ru
Sif Muna
Trog
Uskayaw
Vehumet
Wu Jian
Xom
Yredelemnul
Zin
The Shining One

Shops:
D:7 (

Annotations:
D:8 Grum


Innate Abilities, Weirdness & Mutations

You do not heal naturally.
You are immune to poison.
You have razor-sharp teeth.
You have supernaturally acute eyesight. (SInv)
You can survive without breathing.
You have a pair of small horns on your head.
You tend to lose your temper in combat.
You are highly resistant to hostile enchantments. (MR++)


Message History

Unknown command.
Casting: Ensorcelled Hibernation (safe; 1% risk of failure)
Confirm with . or Enter, or press ? or * to list all spells.
Aiming: Ensorcelled Hibernation (safe; 1% risk of failure)
Press: ? - help, Shift-Dir - straight line, f/p - Grum
Aim: Grum, wielding a +0 glaive and wearing a +0 animal skin (chance to defeat MR: 69%)
The wolf is unaffected.
You block the wolf's attack. The wolf bites you. Grum closely misses you.
Damage: -5%(-3hp) hp: 34%(21hp)
You hit the wolf. Your headbutt misses the wolf.
The wolf is moderately wounded.
The wolf bites you!
* * * LOW HITPOINT WARNING * * *
Huge Dmg: -13%(-8hp) hp: 21%(13hp) It was a potion of resistance.
You feel protected. The wolf bites you!
* * * LOW HITPOINT WARNING * * *
Grum hits you from afar with a +0 glaive!!
You die...

# #. #.. ###########
#...#########.........#
#...gh....$...........#
#@.).............'
######................#
#..................[..#
#...####+##+###########
#.. ..... # ..... .....
..... .....


You could see Grum and a wolf.

Vanquished Creatures
  A two-headed ogre (D:6)
  Erica (D:8)
  Joseph (D:8)
  Maurice (D:8)
  Prince Ribbit (D:7)
  Grinder (D:6)
  Sigmund (D:3)
  4 hogs (D:7)
  A human (D:7)
  A hungry ghost (D:7)
  3 orc warriors
  2 sky beasts
  A black bear (D:6)
  A phantom (D:8)
  An ice beast (D:5)
  3 centaurs
  4 ogres
  2 big kobolds
  A bullfrog (D:6)
  2 scorpions
  4 wights (D:7)
  6 howler monkeys
  2 crimson imps (D:6)
  2 bullfrog skeletons
  4 hounds
  2 centaur skeletons
  3 orc priests
  Crazy Yiuf (D:4)
  2 jellies
  4 orc wizards
  A gnoll shaman (D:8)
  Jessica (D:3)
  Ijyb (D:3)
  3 iguanas
  8 worker ants
  Terence (D:2)
  2 hound skeletons
  Robin (D:2)
  13 adders
  9 gnolls
  2 shadow imps (D:6)
  3 oozes
  An adder skeleton (D:5)
  4 dart slugs
  5 leopard geckos
  23 orcs
  11 bats
  7 giant cockroaches
  21 goblins
  22 hobgoblins
  2 jackals (D:2)
  13 kobolds
  5 quokkas
  2 ball pythons
  6 frilled lizards
  15 rats
245 creatures vanquished.

Vanquished Creatures (collateral kills)
  3 gnolls (D:8)
  A kobold (D:8)
4 creatures vanquished.

Grand Total: 249 creatures vanquished

Notes
Turn   | Place    | Note
-------+----------+-------------------------------------------
     0 | D:1      | Lexodia the Vampire Enchanter began the quest for the Orb.
     0 | D:1      | Reached XP level 1. HP: 13/13 MP: 3/3
    92 | D:1      | Reached XP level 2. HP: 14/19 MP: 3/5
    96 | D:1      | Learned a level 2 spell: Ensorcelled Hibernation
   219 | D:1      | Huge Dmg: 3 dmg
   738 | D:1      | Reached skill level 5 in Stealth
   757 | D:1      | Reached skill level 5 in Hexes
   769 | D:1      | Huge Dmg: 5 dmg
   772 | D:1      | Huge Dmg: 5 dmg
  1005 | D:1      | Reached XP level 3. HP: 17/24 MP: 0/6
  1127 | D:1      | Huge Dmg: 4 dmg
  1414 | D:1      | You fall into a shaft and drop 1 floor!
  1435 | D:2      | Noticed Terence
  1439 | D:2      | Huge Dmg: 5 dmg
  1440 | D:2      | Killed Terence
  1512 | D:3      | Noticed Jessica
  1524 | D:3      | Killed Jessica
  1524 | D:3      | Reached XP level 4. HP: 30/30 MP: 4/7
  1574 | D:3      | Noticed Ijyb
  1578 | D:3      | Killed Ijyb
  1578 | D:3      | Reached skill level 6 in Stealth
  1586 | D:3      | Noticed Sigmund
  1607 | D:3      | Huge Dmg: 9 dmg
  1631 | D:5      | Entered Level 5 of the Dungeon
  1712 | D:5      | Reached XP level 5. HP: 30/35 MP: 5/8
  1729 | D:5      | Noticed an ogre
  1735 | D:5      | Killed an ogre
  1846 | D:5      | Noticed an ice beast
  1907 | D:5      | Learned a level 3 spell: Confuse
  1978 | D:5      | Huge Dmg: 7 dmg
  1982 | D:5      | Huge Dmg: 6 dmg
  1987 | D:5      | Huge Dmg: 5 dmg
  1990 | D:5      | Killed an ice beast
  1990 | D:5      | Reached skill level 7 in Stealth
  1990 | D:5      | Reached XP level 6. HP: 14/41 MP: 3/9
  2065 | D:5      | Found a shattered altar of Ashenzari.
  2068 | D:5      | Found the brooch of Shielding {Reflect SH+8}
  2225 | D:5      | Huge Dmg: 10 dmg
  2515 | D:5      | Found a snail-covered altar of Cheibriados.
  2516 | D:5      | Found an iron altar of Okawaru.
  2517 | D:5      | Found a radiant altar of Vehumet.
  2517 | D:5      | Found a deep blue altar of Sif Muna.
  2519 | D:5      | Found a bloodstained altar of Trog.
  2520 | D:5      | Found a hazy altar of Hepliaklqana.
  2522 | D:5      | Found a sacrificial altar of Ru.
  2676 | D:5      | Found a burning altar of Makhleb.
  3043 | D:6      | Reached skill level 8 in Stealth
  3043 | D:6      | Reached XP level 7. HP: 46/46 MP: 3/10
  3153 | D:4      | Found a staircase to the Ecumenical Temple.
  3164 | Temple   | Entered the Ecumenical Temple
  3374 | Temple   | Became a worshipper of the Wu Jian Council
  3508 | D:4      | Learned a level 3 spell: Dazzling Spray
  3551 | D:4      | Reached skill level 5 in Short Blades
  3557 | D:4      | Found an opulent altar of Gozag.
  3800 | D:4      | Found a runed translucent door.
  3801 | D:4      | Noticed Crazy Yiuf
  3807 | D:4      | Killed Crazy Yiuf
  3807 | D:4      | Reached skill level 1 in Ice Magic
  4016 | D:6      | Reached * piety under Wu Jian
  4083 | D:6      | Reached skill level 9 in Stealth
  4094 | D:6      | Reached XP level 8. HP: 52/52 MP: 4/12
  4251 | D:6      | Noticed a two-headed ogre
  4253 | D:6      | Noticed Grinder
  4381 | D:3      | Found a sparkling altar of Nemelex Xobeh.
  4442 | D:3      | Killed Sigmund
  4449 | D:3      | Found an ancient bone altar of Kikubaaqudgha.
  4794 | D:3      | Reached ** piety under Wu Jian
  4954 | D:2      | Noticed Robin
  4968 | D:2      | Reached skill level 10 in Stealth
  5112 | D:2      | Killed Robin
  5181 | D:2      | Huge Dmg: 11 dmg
  6083 | D:6      | Found a stormy altar of Qazlal.
  6097 | D:6      | Learned a level 3 spell: Tukima's Dance
  6313 | D:6      | Huge Dmg: 24 dmg
  6315 | D:6      | Huge Dmg: 12 dmg
  6316 | D:6      | Reached skill level 10 in Hexes
  6451 | D:6      | Found a shadowy altar of Dithmenos.
  6475 | D:6      | Killed a two-headed ogre
  6475 | D:6      | Reached skill level 11 in Stealth
  6475 | D:6      | Reached XP level 9. HP: 47/57 MP: 3/13
  6480 | D:6      | Killed Grinder
  6797 | D:7      | Reached *** piety under Wu Jian
  6800 | D:7      | Reached skill level 12 in Stealth
  6927 | D:7      | Huge Dmg: 13 dmg
  7034 | D:7      | Found Vayguotz's Weapon Shop.
  7084 | D:7      | Noticed Prince Ribbit
  7087 | D:7      | Killed Prince Ribbit
  7332 | D:7      | Reached XP level 10. HP: 44/63 MP: 10/14
  7375 | D:7      | Reached skill level 13 in Stealth
  7378 | D:7      | Huge Dmg: 10 dmg
  7387 | D:7      | Huge Dmg: 13 dmg
  7406 | D:7      | Huge Dmg: 8 dmg
  7700 | D:8      | Reached **** piety under Wu Jian
  7958 | D:8      | Noticed Maurice
  8001 | D:8      | Killed Maurice
  8020 | D:8      | Noticed Joseph
  8024 | D:8      | Killed Joseph
  8078 | D:8      | Noticed Erica
  8157 | D:8      | Killed Erica
  8157 | D:8      | Reached skill level 14 in Stealth
  8212 | D:8      | Huge Dmg: 12 dmg
  8215 | D:8      | Reached skill level 10 in Short Blades
  8336 | D:8      | Noticed Grum
  8340 | D:8      | Huge Dmg: 11 dmg
  8350 | D:8      | Gained mutation: Your flesh is cold resistant. (rC+)
                  | [potion of mutation]
  8350 | D:8      | Gained mutation: You have sharp toenails. [potion of
                  | mutation]
  8350 | D:8      | Gained mutation: Your flesh is very cold resistant. (rC++)
                  | [potion of mutation]
  8351 | D:8      | Lost mutation: You have sharp toenails. [potion of
                  | mutation]
  8351 | D:8      | Lost mutation: Your flesh is very cold resistant. (rC++)
                  | [potion of mutation]
  8351 | D:8      | Gained mutation: You are somewhat resistant to further
                  | mutation. [potion of mutation]
  8351 | D:8      | Gained mutation: Armour fits poorly on your strangely
                  | shaped body. [potion of mutation]
  8352 | D:8      | Lost mutation: Armour fits poorly on your strangely shaped
                  | body. [potion of mutation]
  8352 | D:8      | Lost mutation: Your flesh is cold resistant. (rC+) [potion
                  | of mutation]
  8352 | D:8      | Lost mutation: You are somewhat resistant to further
                  | mutation. [potion of mutation]
  8352 | D:8      | Gained mutation: You are resistant to hostile enchantments.
                  | (MR+) [potion of mutation]
  8352 | D:8      | Gained mutation: You have a pair of small horns on your
                  | head. [potion of mutation]
  8352 | D:8      | Gained mutation: You tend to lose your temper in combat.
                  | [potion of mutation]
  8352 | D:8      | Gained mutation: You are highly resistant to hostile
                  | enchantments. (MR++) [potion of mutation]
  8355 | D:8      | Huge Dmg: 8 dmg
  8355 | D:8      | Demolished by Grum

Levels and vault maps discovered:
D:1:      dpeg_arrival_court, layout_loops_ring, skrybe_limestone_x
D:2:      layout_loops_cross, serial_glass, glass_columns_a, glass_columns_b,
          glass_columns_c, glass_columns_a, glass_columns_a, glass_columns_a,
          glass_columns_c, glass_columns_b, first_ration, minmay_goblin_outpost,
          uniq_robin, uniq_terence
D:3:      layout_basic, kiku_gazebo_garden_becter, corexii_leaking_fountain,
          nemelex_lonely_heart_becter, uniq_ijyb, uniq_jessica, uniq_sigmund
D:4:      layout_cave_pools, marbit_many_paths,
          minmay_temple_entry_drinking_statues, uniq_crazy_yiuf_cottage
D:5:      layout_basic, lightli_temple_of_fire, old_standard_altar, minitemple
D:6:      minmay_recursive_quarters, layout_cave_pods, kennysheep_little_box,
          nicolae_dithmenos_through_a_glass_darkly, uniq_grinder
D:7:      layout_rooms, serial_shops, nicolae_shop_stone, grunt_livestock,
          minmay_misc_feat_chi, uniq_prince_ribbit1
D:8:      layout_gridville, uniq_maurice, uniq_joseph, uniq_harold, uniq_grum,
          uniq_erica
Temple:   jpeg_temple_island

Skill      XL: |  1  2  3  4  5  6  7  8  9 10 |
---------------+-------------------------------+-----
Stealth        | 5 6 7 8 9 11 12 14 | 14.2
Hexes          | 5 6 7 8 10 12 13 | 13.2
Short Blades   | 2 3 4 5 7 8 10 | 10.0
Ice Magic      | 1 2 |  2.1
Spellcasting   | 3 |  3.0
Dodging        | |  2.1

Action                   |  1- 3 |  4- 6 |  7- 9 | 10-12 || total
-------------------------+-------+-------+-------+-------++-------
Melee: Dagger            |    90 |    84 |   326 |   141 ||   641
       Bite              |     5 |     8 |    18 |    10 ||    41
 Cast: Corona            |     1 |       |       |       ||     1
       Ensorcelled Hiber |    18 |    18 |    58 |    26 ||   120
       Confuse           |       |     2 |     7 |     9 ||    18
       Dazzling Spray    |       |       |    10 |     2 ||    12
       Tukima's Dance    |       |       |     1 |     5 ||     6
Invok: Lunge             |       |       |    71 |    16 ||    87
       Whirlwind         |       |       |    51 |    22 ||    73
       Serpent's Lash    |       |       |     1 |       ||     1
 Abil: End Transformatio |       |     1 |     2 |       ||     3
       Bat Form          |       |     1 |     2 |       ||     3
  Use: Scroll            |       |     3 |     4 |       ||     7
       Potion            |       |       |     3 |     5 ||     8
 Stab: Sleeping          |    24 |    20 |    87 |    17 ||   148
       Distracted        |     1 |       |       |     3 ||     4
       Confused          |       |     2 |     5 |     7 ||    14
       Invisible         |       |       |     2 |     1 ||     3
Armor: Robe              |    17 |     4 |    21 |    10 ||    52
Dodge: Dodged            |    61 |    31 |    96 |    43 ||   231
Block: Other             |       |    13 |    56 |    33 ||   102
       Reflection        |       |       |     3 |     1 ||     4

Table legend:
 A = Non-vault XP
 B = Vault XP
 C = Vault XP percentage of total XP
 D = Non-vault monster count
 E = Vault monster count
 F = Vault count percentage of total count
                 A         B        C        D         E       F
            +---------+---------+-------+---------+---------+-------
      Total |    5404 |    3722 |  40.8 |     206 |      43 |  17.3
            +---------+---------+-------+---------+---------+-------
        D:1 |      55 |       0 |   0.0 |      30 |       0 |   0.0
        D:2 |      93 |      87 |  48.3 |      29 |      23 |  44.2
        D:3 |     103 |     304 |  74.7 |      27 |       3 |  10.0
        D:4 |     334 |      76 |  18.5 |      19 |       2 |   9.5
        D:5 |     546 |       0 |   0.0 |      20 |       0 |   0.0
        D:6 |    1784 |     566 |  24.1 |      21 |       6 |  22.2
        D:7 |    1454 |    1229 |  45.8 |      34 |       6 |  15.0
        D:8 |    1035 |    1460 |  58.5 |      26 |       3 |  10.3
            +---------+---------+-------+---------+---------+-------
